 Dungeon Crawl Stone Soup version 0.27-a0-824-gca8104f8d5 (webtiles) character file.

Game seed: 12866818379252417694

81 LabCoat the Chopper (level 4, 0/40 HPs)
             Began as a Hill Orc Fighter on Mar 30, 2021.
             Slain by a gnoll
             ... wielding a +0 spear
              (1 damage)
             ... on level 3 of the Dungeon.
             The game lasted 00:05:02 (2312 turns).

LabCoat the Chopper (Hill Orc Fighter)              Turns: 2312, Time: 00:05:03

Health: 0/40       AC:  7    Str: 19    XL:     4   Next: 40%
Magic:  4/4        EV:  7    Int:  8    God:
Gold:   57         SH:  9    Dex: 10    Spells: 3/3 levels left

rFire    . . .     SeeInvis .   a - +0 war axe
rCold    . . .     Faith    .   c - +0 kite shield
rNeg     . . .     Spirit   .   b - +0 scale mail
rPois    .         Reflect  .   (no helmet)
rElec    .         Harm     .   n - scarf {+Inv}
rCorr    .         Rampage  .   (no gloves)
Will     .....                  (no boots)
Stlth    ..........             (no amulet)
HPRegen  0.13/turn              (no ring)
MPRegen  0.09/turn              (no ring)

@: no status effects
A: no striking features
a: Evoke Invisibility


You were on level 3 of the Dungeon.
You visited 1 branch of the dungeon, and saw 3 of its levels.

You collected 57 gold pieces.

Inventory:

Hand Weapons
 a - a +0 war axe (weapon)
Armour
 b - a +0 scale mail (worn)
 c - a +0 kite shield (worn)
 n - a scarf of invisibility (worn)
Jewellery
 m - a ring of magical power
Scrolls
 e - a scroll of vulnerability {unknown}
 f - a scroll of summoning
 i - 3 scrolls of teleportation
 k - 2 scrolls of magic mapping {unknown}
Potions
 d - a potion of might
 g - 2 potions of curing
 h - 2 potions of cancellation {unknown}
 j - a potion of attraction {unknown}
 l - a potion of heal wounds {unknown}


   Skills:
 + Level 4.1 Fighting
 * Level 4.5 Axes
 + Level 3.9 Armour
 + Level 3.7 Shields


You had 3 spell levels left.
You didn't know any spells.
Your spell library was empty.

Dungeon Overview and Level Annotations

Branches:
Dungeon (3/15)

Altars:
Ashenzari
Dithmenos
Kikubaaqudgha

Shops:
D:2 *


Message History

You open the door.
There is an open door here.
A goblin comes into view. It is wielding a +0 dagger.
The goblin shouts!
You hear a shout!
You hit the goblin.
You kill the goblin!
A gnoll comes into view. It is wielding a +0 halberd.
A gnoll comes into view. It is wielding a +0 spear.
The gnoll shouts!
A gnoll comes into view. It is wielding a +0 club.
A rat comes into view.
You block the gnoll's attack.
You hit the gnoll but do no damage. The gnoll hits you with a +0 halberd.
You hit the gnoll.
The gnoll is moderately wounded.
You block the gnoll's attack.
A gnoll comes into view. It is wielding a +0 halberd.
The gnoll barely misses you. The gnoll hits you with a +0 halberd.
The gnoll shouts!
The gnoll hits you with a +0 spear.
The rat twitches its whiskers.
You block the gnoll's attack. x2
You hit the gnoll.
The gnoll is moderately wounded.
You hit the gnoll. x2; You block the gnoll's attack.
The gnoll hits you with a +0 club. The gnoll hits you with a +0 halberd!
You barely miss the gnoll.
The gnoll is moderately wounded.
You hit the gnoll. You hit the gnoll but do no damage.
You block the gnoll's attack. x2; The gnoll hits you with a +0 halberd!
* * * LOW HITPOINT WARNING * * *
The gnoll closely misses you. The gnoll barely misses you.
You block the gnoll's attack. x2; The gnoll hits you with a +0 club.
* * * LOW HITPOINT WARNING * * *
The gnoll hits you from afar with a +0 halberd.
* * * LOW HITPOINT WARNING * * *
Found 21 stones.
You block the gnoll's attack.
The gnoll hits you from afar with a +0 spear.
You die...

+#+####### #..#
#..^.... .........#
##.# #######†
(........####.## #.
...........)...# #.
.............#+###
#.
........g.........#
#.
.......gr.........#
#.
........g.........#
#.
......g@.....##.###
.............# ..#
.............# .#
##.######....# . #
#....# #####


You could see 4 gnolls and a rat.

Vanquished Creatures
  3 adders (D:2)
  2 worms
  2 dart slugs
  5 endoplasms
  5 giant cockroaches
  5 hobgoblins
  3 kobolds
  3 quokkas
  2 bats (D:2)
  2 frilled lizards
  6 goblins
  3 rats
41 creatures vanquished.

Notes
Turn   | Place    | Note
-------+----------+-------------------------------------------
     0 | D:1      | LabCoat the Hill Orc Fighter began the quest for the Orb.
     0 | D:1      | Reached XP level 1. HP: 19/19 MP: 1/1
   510 | D:1      | Reached XP level 2. HP: 27/27 MP: 2/2
  1289 | D:2      | Found Narag's Assorted Antiques.
  1373 | D:2      | Reached XP level 3. HP: 26/33 MP: 3/3
  1456 | D:2      | Found a broken altar of Ashenzari.
  1667 | D:2      | Found an ancient bone altar of Kikubaaqudgha.
  1889 | D:2      | Found a shadowy altar of Dithmenos.
  1893 | D:2      | Reached XP level 4. HP: 38/40 MP: 4/4
  2311 | D:3      | HP: 1/40 [gnoll/+0 halberd (5)]
  2312 | D:3      | Slain by a gnoll

Illustrated notes

Levels and vault maps discovered:
D:1:      erik_arrival_cave_to_civilisation [erik_arrival_cave_to_hall],
          layout_basic, kennysheep_decorative_pillar, amethyst_killhole,
          hex_tiny, minmay_tetromino_l4
D:2:      layout_rooms, lemuel_round_altar, kiku_gazebo_pond_becter,
          overflow_temple_1_default, serial_glass, glass_columns_c,
          glass_columns_c, serial_shops, shop
D:3:      layout_basic, tso_metal_star, lemuel_crystal_altar,
          fiery_altar_vehumet, uniq_robin

Skill      XL: |  1  2  3 |
---------------+----------+-----
Axes           | 3 4 |  4.5
Fighting       | 4 |  4.1
Armour         | |  3.9
Shields        | |  3.7

Action                   |  1- 3 |  4- 6 || total
-------------------------+-------+-------++-------
Melee: War axe           |    97 |    37 ||   134
  Use: Scroll            |     3 |     1 ||     4
Armor: Scale mail        |    48 |    11 ||    59
Dodge: Dodged            |    38 |    13 ||    51
Block: Kite shield       |    47 |    29 ||    76

Table legend: (Time is in decaauts)
 A = Elapsed time spent in this place.
 B = Non-inter-level travel time spent in this place.
 C = Inter-level travel time spent in this place.
 D = Time resting spent in this place.
 E = Time spent auto-exploring this place.
 F = Levels seen in this place.
 G = Mean time per level.
                   A        B        C        D        E       F      G
               +--------+--------+--------+--------+--------+-----+--------+
         Total |   2384 |   2336 |     48 |    539 |   1431 |   3 |  794.7 |
       Dungeon |   2384 |   2336 |     48 |    539 |   1431 |   3 |  794.7 |
               +--------+--------+--------+--------+--------+-----+--------+

Top non-repeatable levels by time:
     D:1: 1287 daAuts
     D:2: 938 daAuts
     D:3: 158 daAuts
